 Dungeon Crawl Stone Soup version 0.21.1-1-g345015f (webtiles) character file.

46 Mirai the Conjurer (level 3, -10/19 HPs)
             Began as a Deep Elf Conjurer on Apr 16, 2018.
             Killed by divine providence
             ... invoked by an orc priest
              (16 damage)
             ... on level 3 of the Dungeon.
             The game lasted 00:04:33 (1660 turns).

Mirai the Conjurer (Deep Elf Conjurer)              Turns: 1660, Time: 00:04:34

Health: -10/19     AC:  4    Str:  5    XL:     3   Next: 44%
Magic:  5/10       EV: 13    Int: 25    God:
Gold:   102        SH:  0    Dex: 15    Spells: 7/10 levels left

rFire    . . .     SeeInvis .   (no weapon)
rCold    . . .     Gourm    .   (no shield)
rNeg     . . .     Faith    .   a - +0 robe
rPois    .         Spirit   .   (no helmet)
rElec    .         Reflect  .   (no cloak)
rCorr    .         Harm     .   (no gloves)
MR       .....                  (no boots)
Stlth    ++........             (no amulet)
HPRegen  0.06/turn              o - +2 ring of protection
MPRegen  0.12/turn              (no ring)

@: brilliant
A: no striking features
a: no special abilities


You were on level 3 of the Dungeon.
You were not hungry.

You visited 1 branch of the dungeon, and saw 3 of its levels.

You collected 102 gold pieces.

Inventory:

Armour
 a - a +0 robe (worn)
Jewellery
 o - a +2 ring of protection (left hand)
Scrolls
 f - 3 scrolls of fear {unknown}
 h - 2 scrolls of blinking {unknown}
 i - a scroll of fog {unknown}
 l - 3 scrolls of teleportation {unknown}
 m - a scroll of remove curse {unknown}
 n - a scroll of enchant weapon {unknown}
Potions
 d - 2 potions of brilliance
 e - 2 potions of curing
 g - 2 potions of heal wounds {unknown}
 k - a potion of ambrosia {unknown}
Books
 b - a book of Conjurations

   Spells                             Type                      Level
   a - Magic Dart                     Conjuration                  1
   b - Searing Ray                    Conjuration                  2
   c - Dazzling Spray                 Conjuration/Hexes            3
   d - Fulminant Prism                Conjuration/Hexes            4
   e - Force Lance                    Conjuration/Translocation    4
   f - Iskenderun's Mystic Blast      Conjuration                  4
Comestibles
 c - 6 rations


   Skills:
 - Level 2.4 Dodging
 - Level 2.4 Stealth
 + Level 4.3 Spellcasting
 + Level 5.1 Conjurations


You had 7 spell levels left.
You knew the following spells:

 Your Spells              Type           Power        Failure   Level  Hunger
a - Magic Dart            Conj           ####         1%          1    None
b - Searing Ray           Conj           #####.       1%          2    None


Dungeon Overview and Level Annotations

Branches:
Dungeon (3/15)

Altars:
Ru


Message History

Unknown command.
It was a potion of curing.
You feel better. The adder closely misses you.
The rat bites you but does no damage.
Unknown command.
The adder barely misses you.
You found a teleport trap!
Found an escape hatch in the ceiling.
Really walk into that teleport trap?
You enter a teleport trap!
The teleport trap disappears.
Your surroundings suddenly seem different. 4 orcs and an orc priest come into view.
The orc shouts! x2
The orc hits you with a morningstar.
Found 13 gold pieces.
The orc priest calls down the wrath of Beogh upon you.
Beogh smites you!
The orc priest calls down the wrath of Beogh upon you.
Beogh smites you!
Ouch! That really hurt!
You die...

........# #..#.........
...#.####.## #...........
...#........###..........
.#.#<....................
.# #.#.........#.oo......
.......... ##o#######
##........ #..# ..##.....
#o## ..# ..... #@# ...
.... #.# #### ## #.# #.#
... ... ... .....


You could see an orc priest and 3 orcs.

Vanquished Creatures
  An adder (D:3)
  A worm (D:2)
  2 leopard geckos
  A ball python (D:3)
  2 bats
  A giant cockroach (D:1)
  3 goblins
  6 hobgoblins
  3 frilled lizards
  9 kobolds
  A rat (D:2)
30 creatures vanquished.

Notes
Turn   | Place    | Note
-------+----------+-------------------------------------------
     0 | D:1      | Mirai the Deep Elf Conjurer began the quest for the Orb.
     0 | D:1      | Reached XP level 1. HP: 10/10 MP: 6/6
   287 | D:1      | Reached XP level 2. HP: 15/15 MP: 4/8
   291 | D:1      | Learned a level 2 spell: Searing Ray
  1063 | D:2      | Reached skill level 5 in Conjurations
  1063 | D:2      | Reached XP level 3. HP: 19/19 MP: 4/10
  1371 | D:2      | Found a sacrificial altar of Ru.
  1660 | D:3      | Killed from afar by an orc priest

Skill      XL: |  1  2 |
---------------+-------+-----
Spellcasting   | 4 |  4.3
Conjurations   | 5 |  5.1
Dodging        | |  2.4
Stealth        | |  2.4

Action                   || total
-------------------------++-------
Melee: Unarmed           ||     3
 Cast: Magic Dart        ||    63
  Use: Potion            ||     2
  Eat: Chunk             ||     2
Armor: Robe              ||     7
Dodge: Dodged            ||    14
